 Dungeon Crawl Stone Soup version 0.28-a0-662-g1651b1f1e0 (webtiles) character file.

Game seed: 6134843274055656657

77 Sabo the Shield-Bearer (level 4, -2/37 HPs)
             Began as a Formicid Fighter on Oct 14, 2021.
             Was a Believer of Elyvilon.
             Slain by a gnoll (11 damage)
             ... on level 3 of the Dungeon.
             The game lasted 00:11:09 (2717 turns).

Sabo the Shield-Bearer (Formicid Fighter)           Turns: 2717, Time: 00:11:09

Health: -2/37      AC:  7    Str: 22    XL:     4   Next: 58%
Magic:  4/4        EV:  9    Int:  7    God:    Elyvilon [**....]
Gold:   85         SH:  4    Dex: 10    Spells: 3/3 levels left

rFire   + . .      SeeInvis +   l - +2 short sword (speed)
rCold   . . .      Faith    .   c - +0 buckler
rNeg    . . .      Spirit   .   b - +0 scale mail
rPois   .          Reflect  .   (helmet unavailable)
rElec   .          Harm     .   (no cloak)
rCorr   .          Rampage  .   (no gloves)
Will    .....                   (no boots)
Stlth   ..........              (no amulet)
HPRegen 0.12/turn               i - ring of protection from fire
MPRegen 0.09/turn               (no ring)

@: no status effects
A: permanent stasis, dig shafts and tunnels, antennae 3, four strong arms
a: Dig, Shaft Self, Renounce Religion, Lesser Healing, Heal Other, Divine
Protection


You were on level 3 of the Dungeon.
You worshipped Elyvilon.
Elyvilon was pleased with you.
You visited 1 branch of the dungeon, and saw 3 of its levels.

You collected 85 gold pieces.

Inventory:

Hand Weapons
 a - a +0 war axe
 l - a +2 short sword of speed (weapon)
Missiles
 h - 24 arrows
Armour
 b - a +0 scale mail (worn)
 c - a +0 buckler (worn)
Jewellery
 i - a ring of protection from fire (left hand)
Scrolls
 e - a scroll of fear {unknown}
 f - a scroll of enchant weapon {unknown}
 j - a scroll of acquirement {unknown}
 k - a scroll of amnesia {unknown}
 m - a scroll of identify {unknown}
 n - a scroll of enchant armour {unknown}
Potions
 d - a potion of might
 g - 2 potions of curing {unknown}
 o - a potion of heal wounds {unknown}


   Skills:
 + Level 3.8 Fighting
 + Level 0.3 Short Blades
 + Level 3.0 Axes
 + Level 3.8 Armour
 + Level 0.2 Dodging
 + Level 0.9 Stealth
 + Level 4.0 Shields


You had 3 spell levels left.
You didn't know any spells.
Your spell library contained the following spells:

 Spells                   Type           Power      Damage    Failure   Level
 Dazzling Flash           Conj/Hex       0%         N/A       98%         3
 Portal Projectile        Hex/Tloc       0%         N/A       98%         3
 Iskenderun's Mystic Bla  Conj/Tloc      0%         2d3       100%        4
 Blade Hands              Tmut           0%         N/A       100%        5
 Excruciating Wounds      Necr           0%         N/A       100%        5
 Starburst                Conj/Fire      0%         6d3       100%        6


Dungeon Overview and Level Annotations

Branches:
Dungeon (3/15)

Altars:
Elyvilon


Innate Abilities, Weirdness & Mutations

You cannot be hasted, slowed, berserked, paralysed or teleported.
You can dig through walls and to a lower floor.
You have a pair of large antennae on your head. (SInv)
Your four strong arms can wield two-handed weapons with a shield.


Message History

You start waiting.
Done waiting.
There is a stone staircase leading down here.
You climb downwards.
The hobgoblin hits you but does no damage.
The hobgoblin closely misses you.
The gnoll hits you from afar with a +0 halberd.
There is a stone staircase leading up here.
You hit the hobgoblin.
The hobgoblin is almost dead.
The hobgoblin hits you. You block the gnoll's attack.
You hit the hobgoblin but do no damage.
The hobgoblin is almost dead.
Your scale mail prevents you from hitting the hobgoblin.
The hobgoblin is almost dead.
The hobgoblin closely misses you. The gnoll barely misses you.
You barely miss the hobgoblin.
The hobgoblin is almost dead.
The hobgoblin barely misses you.
The gnoll hits you from afar with a +0 halberd.
You hit the hobgoblin.
You kill the hobgoblin!
The gnoll hits you from afar with a +0 halberd!
The gnoll closely misses you. The gnoll hits you with a +0 halberd.
You see here a hobgoblin corpse.
You hit the gnoll.
The gnoll is moderately wounded.
You hit the gnoll.
The gnoll is heavily wounded.
The gnoll hits you from afar with a +0 spear.
* * * LOW HITPOINT WARNING * * *
The gnoll barely misses you.
You hit the gnoll.
The gnoll is severely wounded.
The gnoll barely misses you. The gnoll closely misses you.
The gnoll hits you from afar with a +0 halberd!
Elyvilon protects you from harm!
There is a stone staircase leading up, spattered with blood here.
The gnoll hits you from afar with a +0 halberd!
You die...

###################
..................##
#################..#
####### ###.## {{
....... #@#..# .......
#†##.##
.......####g##..####..
{
....)..gg..g..........
.......####.###..###.#
....... #.# #.#
####### #.. ... ####
#.## ..


You could see 2 gnolls.

Vanquished Creatures
  A gnoll (D:3)
  An adder (D:2)
  2 dart slugs
  An orc (D:2)
  3 ball pythons
  5 endoplasms
  2 giant cockroaches (D:2)
  2 goblins (D:2)
  5 hobgoblins
  6 jackals (D:2)
  A quokka (D:1)
  6 bats
  2 frilled lizards
  6 kobolds
  4 rats
47 creatures vanquished.

Vanquished Creatures (others)
  A plant (D:1)
1 creature vanquished.

Grand Total: 48 creatures vanquished

Notes
Turn   | Place    | Note
-------+----------+-------------------------------------------
     0 | D:1      | Sabo the Formicid Fighter began the quest for the Orb.
     0 | D:1      | Reached XP level 1. HP: 18/18 MP: 1/1
   202 | D:1      | Reached XP level 2. HP: 24/24 MP: 2/2
   652 | D:1      | Reached skill level 4 in Shields
  1017 | D:1      | Reached XP level 3. HP: 29/29 MP: 3/3
  1061 | D:1      | Found a faded altar of an unknown god.
  1079 | D:1      | Prayed at the altar of an unknown god.
  1079 | D:1      | Became a worshipper of Elyvilon the Healer
  1079 | D:1      | Reached * piety under Elyvilon
  1658 | D:2      | Reached XP level 4. HP: 37/37 MP: 4/4
  1910 | D:2      | Reached ** piety under Elyvilon
  2716 | D:3      | Elyvilon protects you from harm!
  2717 | D:3      | Slain by a gnoll

Illustrated notes

Levels and vault maps discovered:
D:1:      denvon_arrival_planthouse, layout_basic,
          shapermc_ecumenical_altar_starsandcircs
D:2:      layout_loops_ring, kennysheep_generic_room_15
D:3:      layout_basic, grunt_ministairs_9, minmay_vboxes

Skill      XL: |  1  2  3  4 |
---------------+-------------+-----
Shields        | 4 |  4.0
Axes           | 3 |  3.0
Fighting       | |  3.8
Short Blades   | |  0.3
Armour         | |  3.8
Dodging        | |  0.2
Stealth        | |  0.9

Action                   |  1- 3 |  4- 6 || total
-------------------------+-------+-------++-------
Melee: War axe           |    74 |    17 ||    91
       Short sword       |       |    33 ||    33
Invok: Lesser Healing    |       |     5 ||     5
 Abil: Dig               |     1 |     1 ||     2
Armor: Scale mail        |    34 |    22 ||    56
Dodge: Dodged            |    26 |    22 ||    48
Block: Buckler           |    18 |     9 ||    27

Table legend: (Time is in decaauts)
 A = Elapsed time spent in this place.
 B = Non-inter-level travel time spent in this place.
 C = Inter-level travel time spent in this place.
 D = Time resting spent in this place.
 E = Time spent auto-exploring this place.
 F = Levels seen in this place.
 G = Mean time per level.
                   A        B        C        D        E       F      G
               +--------+--------+--------+--------+--------+-----+--------+
         Total |   2746 |   2746 |      0 |    854 |      0 |   3 |  915.3 |
       Dungeon |   2746 |   2746 |      0 |    854 |      0 |   3 |  915.3 |
               +--------+--------+--------+--------+--------+-----+--------+

Top non-repeatable levels by time:
     D:1: 1345 daAuts
     D:2: 1256 daAuts
     D:3: 144 daAuts
